AoeStats
← Pittoch

Arabia

505301050Analyzed
2v2 RM · 24d ago on Sep 8, 2026· 31m 4s· 4 players
Game mode
Random Map
Map size
Medium (4 player)
Population
200
Speed
Normal
Resources
Standard
Victory
Conquest
Starting age
Dark Age
Ending age
Imperial Age
RankedLock teamsTeams togetherTeam positionsShared explorationLock speedFull tech treeHidden civsTurbo modeCheats
Victory
Defeat
🇬🇧 Goths · United Kingdom
1055
+16
🇨🇾 Khmer · Cyprus
1046
+17
🇨🇭 Goths · Switzerland
1111
-19
🇨🇭 Persians · Switzerland
1005
-34
gamtila
0:52 Loom
9:22 Feudal Age
9:26 Man-at-Arms
9:55 Double-Bit Axe
19:59 Castle Age
19:07 Bloodlines
19:00 Gold Mining
20:13 Scale Barding Armor
21:05 Forging
26:16 Pikeman
28:10 Bow Saw
Dalton
6:09 Loom
9:24 Feudal Age
10:08 Double-Bit Axe
19:00 Castle Age
17:24 Horse Collar
19:16 Bloodlines
19:18 Light Cavalry
29:35 Ballistics
Fede_II
2:47 Loom
10:43 Feudal Age
11:48 Double-Bit Axe
15:08 Horse Collar
19:02 Wheelbarrow
22:10 Castle Age
21:13 Scale Mail Armor
22:44 Pikeman
24:11 Scale Barding Armor
Pittoch
3:11 Loom
10:40 Feudal Age
10:55 Man-at-Arms
23:40 Castle Age
29:38 Fletching
Connection lost

Rejoining the realm…

Still unreachable

The connection could not be restored.

Session expired

The server has moved on; the page needs a fresh start.